[Event "Early-Titled-Tuesday-Blitz-October-03-2023"]
[Site "Chess.com"]
[Date "2023.10.03"]
[Round "6"]
[White "DarZay"]
[Black "FoxOnTheRun97"]
[Result "0-1"]
[WhiteElo "2221"]
[BlackElo "2521"]
[TimeControl "180+1"]
[EndTime "9:07:02 PDT"]
[Termination "FoxOnTheRun97 won by resignation"]

1. e4 c6 2. d4 d5 3. Nc3 dxe4 4.
Nxe4 Bf5 5. Ng3 Bg6 6. h4 h6 7. h5 Bh7 8. Nf3 e6 9. Bd3 Bxd3 10. Qxd3 Nd7 11. c3 Ngf6 12. Bd2 Bd6 13. O-O-O Qc7 14. Ne4 Nxe4 15. Qxe4 Nf6 16. Qd3 O-O-O 17. Kb1 c5 18. dxc5 Qxc5 19. Be3 Qa5 20. Qc4+ Bc7 21. b4 Qf5+ 22. Kb2 Qe4 23. Nd4 a6 24. Rhe1 Qd5 25. Qxd5 Rxd5 26. c4 Rd7 27. Nb3 Rxd1 28. Rxd1 Nxh5 29.
Nc5 Rd8 30. Rxd8+ Bxd8 31. Ne4 Be7 32. Kc3 Nf6 33. Nxf6 Bxf6+ 34. Bd4 Bxd4+ 35. Kxd4 Kc7 36. c5 h5 37. Ke5 Kc6 38. a4 a5 39. bxa5 Kxc5 40. g3 Kb4 41. Kd6 Kxa5 42. Kc7 g5 43.
Kxb7 h4 44. gxh4 gxh4 45. Kc6 h3 0-1

[Event "Early-Titled-Tuesday-Blitz-October-03-2023"]
[Site "Chess.com"]
[Date "2023.10.03"]
[Round "6"]
[White "Let_it_be_1"]
[Black "ValentunHulka"]
[Result "0-1"]
[WhiteElo "2623"]
[BlackElo "2788"]
[TimeControl "180+1"]
[EndTime "9:07:05 PDT"]
[Termination "ValentunHulka won by resignation"]

1. e4 c5 2. Nf3 Nf6 3. e5 Nd5 4. Nc3 e6 5. Nxd5 exd5 6. d4 Nc6 7. Be2 cxd4 8. Nxd4 d6 9. exd6 Bxd6 10. Nxc6 bxc6 11. O-O O-O 12. c4 d4 13. Bf3 Rb8 14. Bxc6 Qc7 15. Bd5 Bxh2+ 16. Kh1 Be5 17. Re1 Bf6 18. b3 Bb7 19.
Bxb7 Qxb7 20. Qd3 Rfe8 21. Bf4 Rbd8 22. Kg1 h6 23. f3 Re3 24. Bxe3 dxe3 25. Qe4 Qxe4 26.
fxe4 Bxa1 27. Rxa1 Rd4 28. Kf1 Rxe4 29. Ke2 Kf8 30.
Rf1 Ke7 31. Rf3 Ke6 32. Rxe3 Ke5 33. b4 f5 34. Kd3 Rxe3+ 35. Kxe3 g5 36. a4 h5 37. a5 g4 38. g3 h4 39. gxh4 f4+ 40.
Kf2 Ke4 41. h5 g3+ 42. Kg2 f3+ 43. Kxg3 Ke3 44. h6 f2 45. h7 f1=Q 46. h8=Q Qg1+ 47. Kh4 Qh1+ 0-1

[Event "Early-Titled-Tuesday-Blitz-October-03-2023"]
[Site "Chess.com"]
[Date "2023.10.03"]
[Round "6"]
[White "VovenRogel"]
[Black "Jospem"]
[Result "0-1"]
[WhiteElo "2858"]
[BlackElo "3067"]
[TimeControl "180+1"]
[EndTime "9:07:06 PDT"]
[Termination "Jospem won by resignation"]

1. d4 Nf6 2. c4 e6 3. Nf3 Bb4+ 4. Nbd2 O-O 5. a3 Be7 6. e4 d6 7. Be2 Nfd7 8. b4 e5 9. d5 a5 10. Rb1 c5 11. dxc6 Nxc6 12. O-O Qc7 13. Bd3 b6 14. Re1 Nf6 15. h3 Bb7 16. Nf1 Nd8 17. Nh4 g6 18.
Bh6 Re8 19. Nf3 Ne6 20. N3d2 axb4 21. axb4 Ra3 22. Rb3 Rxb3 23. Qxb3 Bf8 24. Be3 Ra8 25. Ng3 Be7 26. Ne2 Nh5 27. Nc3 Bg5 28. Bxg5 Nxg5 29. Nd5 Qd8 30. Bf1 Ne6 31. Qb2 Nd4 32. Ra1 Bxd5 33. cxd5 Rc8 34. Nc4 Nf4 35. Ne3 Qg5 36. Kh2 h5 37. Rc1 Rf8 38. Rc7 f5 39.
exf5 Nxf5 40. Qc1 Nd4 41. Rc8 Qf6 42. Rxf8+ Qxf8 43. g3 Nfe2 44. Bxe2 Qxf2+ 45. Ng2 Qxg3+ 46. Kxg3 Nxe2+ 47. Kh4 Nxc1 48. Kg5 Nd3 49. Kxg6 Nf4+ 0-1

[Event "Early-Titled-Tuesday-Blitz-October-03-2023"]
[Site "Chess.com"]
[Date "2023.10.03"]
[Round "6"]
[White "Beca95"]
[Black "Iball95"]
[Result "1-0"]
[WhiteElo "3019"]
[BlackElo "2768"]
[TimeControl "180+1"]
[EndTime "9:07:06 PDT"]
[Termination "Beca95 won by resignation"]

1. Nf3 d5 2. c4 e6 3. g3 Nf6 4.
Bg2 c5 5. O-O Nc6 6. cxd5 exd5 7. d4 Be7 8. dxc5 Bxc5 9. a3 a5 10. Nc3 O-O 11. Bg5 d4 12. Bxf6 Qxf6 13. Ne4 Qe7 14. Nxc5 Qxc5 15. Rc1 Qb6 16. Qd2 Bg4 17. h3 Bh5 18. g4 Bg6 19. Nh4 Rfe8 20. Nxg6 hxg6 21.
Rfd1 Rad8 22. Qc2 d3 23. Rxd3 Nd4 24. Rxd4 Qxd4 25. e3 Qd7 26. Qb3 Re7 27. Qb6 a4 28.
Rc4 Qd1+ 29. Kh2 Rd2 30. Rc8+ Kh7 31. Qb4 Rdd7 32. g5 Qd6+ 33. Qxd6 Rxd6 34. Rc4 Rd2 35. Kg3 Rxb2 36. Rxa4 b5 37. Ra8 Ra2 38. h4 b4 39.
axb4 Rb2 40. Rb8 Rc7 41. Bd5 Rd2 42. e4 Rc3+ 43. f3 Rdd3 44. Kf4 f6 45. Bg8+ Kh8 46.
Bc4+ Kh7 47. Bxd3 fxg5+ 48. Ke3 gxh4 49. Ra8 Rb3 50. b5 h3 51. Ra2 g5 52. Rh2 g4 53.
fxg4 g5 54. Rxh3+ Kg6 55. e5+ 1-0

[Event "Early-Titled-Tuesday-Blitz-October-03-2023"]
[Site "Chess.com"]
[Date "2023.10.03"]
[Round "6"]
[White "BardArtem"]
[Black "SharapovEvgeny"]
[Result "1-0"]
[WhiteElo "2773"]
[BlackElo "2586"]
[TimeControl "180+1"]
[EndTime "9:07:06 PDT"]
[Termination "BardArtem won by resignation"]

1. e4 c5 2. c3 Nf6 3. e5 Nd5 4. Nf3 Nc6 5. Bc4 Nb6 6. Bb3 d5 7. exd6 exd6 8. O-O Be7 9. d4 c4 10. Bc2 d5 11. h3 O-O 12. Re1 Be6 13. Nbd2 h6 14.
Nf1 Re8 15. Ng3 Bf8 16. Bf4 Nc8 17. Ng5 Qf6 18. Nh5 Qd8 19. Rxe6 hxg5 20. Bxg5 Qd7 21. Rxe8 Qxe8 22. Nf6+ gxf6 23. Bxf6 N8e7 24. Qg4+ Ng6 25.
h4 Bg7 26. Bxg7 Kxg7 27. h5 Ne7 28. Re1 Qc8 29. Qxc8 Rxc8 30. hxg6 Nxg6 31. Bxg6 Kxg6 32. Re7 b5 33. Rxa7 Re8 34. Kf1 b4 35. cxb4 Re4 36. b5 Rxd4 37. Ke2 Re4+ 38. Kd2 d4 39. b6 Re6 40. b7 Rb6 41. Ra6 Rxa6 42. b8=Q Rxa2 43.
Qg3+ Kf6 44. Qf4+ Ke6 45. Qxd4 c3+ 46. Qxc3 1-0

[Event "Early-Titled-Tuesday-Blitz-October-03-2023"]
[Site "Chess.com"]
[Date "2023.10.03"]
[Round "6"]
[White "IngOscarArdila"]
[Black "AttilaTurzo"]
[Result "0-1"]
[WhiteElo "2324"]
[BlackElo "2473"]
[TimeControl "180+1"]
[EndTime "9:07:06 PDT"]
[Termination "AttilaTurzo won by resignation"]

1. d4 Nf6 2. c4 e6 3. Nc3 Bb4 4. Bd2 O-O 5. Nf3 d5 6. e3 c5 7. Be2 cxd4 8. Nxd4 dxc4 9. Bxc4 Bd7 10. O-O Nc6 11.
Nc2 Bd6 12. Nb5 Bb8 13. Bc3 a6 14. Nbd4 Qc7 15. g3 Rd8 16. Nxc6 Bxc6 17. Qe2 Nd5 18. Bd2 b5 19. Bb3 Qb7 20. Nd4 Be8 21. Rfd1 Be5 22. Ba5 Rdc8 23. f4 Bf6 24. e4 Nb6 25. e5 Be7 26. Rac1 Bc5 27. Rxc5 Rxc5 28. Bb4 Rcc8 29.
f5 a5 30. Bd6 a4 31. Bc2 Bd7 32. Be4 Nd5 33. fxe6 fxe6 34. Rf1 Rc4 35. Nf3 Bc6 36. Bd3 Qb6+ 37. Kh1 Rg4 38. h3 Rxg3 39. Kh2 Nf4 40. Qf2 Rg2+ 41. Qxg2 Nxg2 42. Kxg2 Qe3 43. Bxh7+ Kxh7 0-1

[Event "Early-Titled-Tuesday-Blitz-October-03-2023"]
[Site "Chess.com"]
[Date "2023.10.03"]
[Round "6"]
[White "Nbk90"]
[Black "DoctorCheckyll"]
[Result "1-0"]
[WhiteElo "2121"]
[BlackElo "2225"]
[TimeControl "180+1"]
[EndTime "9:07:06 PDT"]
[Termination "Nbk90 won on time"]

1. e4 d6 2. d4 Nf6 3. Nc3 g6 4. f3 a6 5. Be3 b5 6. h4 h5 7. Qd2 Nbd7 8. Nh3 Nb6 9. Ng5 Bb7 10.
Bd3 e5 11. O-O-O Bg7 12. dxe5 dxe5 13. Nxb5 O-O 14. Nc3 Qe7 15. Rdg1 Rad8 16. Qe2 Qb4 17.
a3 Qa5 18. g4 Na4 19. Nxa4 Qxa4 20. Bc4 Bc6 21. Bc5 hxg4 22. Bxf8 Rxf8 23. fxg4 Bb5 24.
Bxb5 Qxb5 25. Qxb5 axb5 26. Rf1 Nd7 27. Nf3 Nc5 28. Re1 f5 29. exf5 gxf5 30. Nxe5 f4 31. Nf3 Rd8 32. h5 Kh7 33. g5 Bd4 34. Rd1 Be3+ 35.
Kb1 Rg8 36. g6+ Kh6 37. Rd5 Ne4 38. Rd7 Rg7 39. Rxg7 Kxg7 40. Re1 Kh6 41. Ne5 1-0

[Event "Early-Titled-Tuesday-Blitz-October-03-2023"]
[Site "Chess.com"]
[Date "2023.10.03"]
[Round "6"]
[White "nrvignesh"]
[Black "wannabe2700"]
[Result "1/2-1/2"]
[WhiteElo "2827"]
[BlackElo "2689"]
[TimeControl "180+1"]
[EndTime "9:07:07 PDT"]
[Termination "Game drawn by repetition"]

1. d4 d5 2. c4 e6 3. Nf3 Nf6 4. g3 Bb4+ 5. Bd2 Be7 6. Bg2 O-O 7. Qc2 c6 8. O-O b6 9. Rd1 Nbd7 10. b3 Bb7 11.
Nc3 Rc8 12. e4 dxe4 13. Nxe4 c5 14. Nxf6+ Bxf6 15. Bc3 cxd4 16. Bxd4 Qe7 17. Ng5 Bxg5 18. Bxb7 Rcd8 19. Be4 g6 20. Bg2 Bf6 21. Qc3 e5 22.
Be3 e4 23. Bd4 Bxd4 24. Rxd4 Nc5 25. Rad1 f5 26. Qe3 Ne6 27. Rd5 Rxd5 28. cxd5 Rd8 29. f3 Nc7 30. fxe4 Rxd5 31. Rxd5 Nxd5 32. Qf2 fxe4 33.
h3 Qe5 34. Qc2 Nc3 35. Qd2 Qxg3 36. Kf1 e3 37. Qd8+ Kg7 38. Qe7+ Kh6 39. Qf8+ Kg5 40. Qe7+ Kh5 41. Qxh7+ Kg5 42. Qe7+ Kh5 43. Qh7+ Kg5 44. Qe7+ Kh5 45. Qh7+ 1/2-1/2

[Event "Early-Titled-Tuesday-Blitz-October-03-2023"]
[Site "Chess.com"]
[Date "2023.10.03"]
[Round "6"]
[White "ural58"]
[Black "BashirovKemal"]
[Result "0-1"]
[WhiteElo "2514"]
[BlackElo "2666"]
[TimeControl "180+1"]
[EndTime "9:07:08 PDT"]
[Termination "BashirovKemal won by checkmate"]

1. e4 c5 2. b3 e6 3. Nf3 d5 4. Bb5+ Bd7 5. Qe2 d4 6. c3 dxc3 7. Nxc3 Nc6 8. O-O a6 9. Bxc6 Bxc6 10. Rd1 Be7 11. d4 cxd4 12. Nxd4 Qc7 13. e5 O-O-O 14.
Bf4 g5 15. Bg3 h5 16. h3 h4 17. Bh2 Kb8 18. Nxc6+ Qxc6 19. Rxd8+ Bxd8 20. Ne4 Be7 21. Rd1 Nh6 22. Nd6 Rd8 23. Kf1 Bxd6 24. exd6 Nf5 25.
Qg4 f6 26. Kg1 Ka8 27. a4 Qc2 28. Qf3 Rd7 29. g4 hxg3 30. Bxg3 Qc5 31. Kg2 Ka7 32. Qd3 Qc6+ 33. Kh2 Ka8 34. f3 Nxg3 35. Kxg3 e5 36. Kg4 Qc5 37. Kf5 Qc8 38. Ke4 Qe8 39. Qd5 Qg6+ 40.
Ke3 Qc2 41. Rd3 Qc1+ 42. Ke4 Qf4# 0-1

[Event "Early-Titled-Tuesday-Blitz-October-03-2023"]
[Site "Chess.com"]
[Date "2023.10.03"]
[Round "6"]
[White "Sanyura"]
[Black "becemix"]
[Result "1-0"]
[WhiteElo "2667"]
[BlackElo "2514"]
[TimeControl "180+1"]
[EndTime "9:07:09 PDT"]
[Termination "Sanyura won by checkmate"]

1. e4 c5 2. Nf3 a6 3. c3 d5 4. exd5 Nf6 5. d4 cxd4 6. cxd4 Nxd5 7. Nc3 e6 8. Bc4 Nxc3 9. bxc3 Be7 10. O-O O-O 11. Qe2 b5 12. Bd3 Bb7 13. Ne5 Nd7 14.
Qh5 g6 15. Qe2 Nxe5 16. Qxe5 Bf6 17. Qg3 Rc8 18. Bh6 Re8 19. Rac1 Qd5 20. Rfe1 Qxa2 21. Bf4 Qd5 22. Be4 Qd7 23. Qf3 Bxe4 24. Rxe4 Qd5 25.
h4 Bxh4 26. Be5 Bg5 27. Rce1 f5 28. Qg3 Bh6 29. Rh4 Bg7 30. Bxg7 Kxg7 31. Qg5 Rc7 32. Re3 Kg8 33. Reh3 Rg7 34. Rxh7 Rxh7 35. Qxg6+ Kf8 36. Rxh7 e5 37. Qg7# 1-0

[Event "Early-Titled-Tuesday-Blitz-October-03-2023"]
[Site "Chess.com"]
[Date "2023.10.03"]
[Round "6"]
[White "ajedrezhoy"]
[Black "ExchangeAB"]
[Result "1-0"]
[WhiteElo "2376"]
[BlackElo "2484"]
[TimeControl "180+1"]
[EndTime "9:07:09 PDT"]
[Termination "ajedrezhoy won by resignation"]

1. c4 c6 2. Nc3 d5 3. d4 Nf6 4. Bg5 dxc4 5. a4 Nd5 6. e4 Nxc3 7. bxc3 b5 8. Nf3 Qb6 9. Be2 Bg4 10. O-O e6 11. Be3 Qb7 12. Rb1 a6 13. Bxc4 Nd7 14. Be2 Bd6 15. h3 Bh5 16. c4 b4 17. c5 Bc7 18. e5 a5 19. Nd2 Bxe2 20.
Qxe2 Qa6 21. Qg4 Kf8 22. f4 Qd3 23. Rf3 h5 24. Qg3 g6 25. Qe1 Qc2 26. Bf2 Qxa4 27. g4 hxg4 28. hxg4 Qb5 29. f5 Ke8 30. fxe6 fxe6 31. Ne4 Rf8 32. Rxf8+ Nxf8 33. Nd6+ Bxd6 34. exd6 Qd3 35. Rd1 Qf3 36. d5 cxd5 37. c6 Ra7 38. d7+ Nxd7 39. Qxe6+ Kd8 40. Bh4+ Kc8 41. cxd7+ Rxd7 42. Qe8+ Kb7 43. Qxd7+ Kb6 44. Qd6+ Kb5 45. Qxd5+ Qxd5 46. Rxd5+ Kb6 47. Be7 b3 48. Ba3 a4 49. Rg5 Kc6 50.
Kf2 1-0

[Event "Early-Titled-Tuesday-Blitz-October-03-2023"]
[Site "Chess.com"]
[Date "2023.10.03"]
[Round "6"]
[White "Firouzja2003"]
[Black "ChessLover0108"]
[Result "1-0"]
[WhiteElo "3123"]
[BlackElo "2926"]
[TimeControl "180+1"]
[EndTime "9:07:10 PDT"]
[Termination "Firouzja2003 won by resignation"]

1. d4 Nf6 2. Bg5 d5 3. e3 c5 4. Bxf6 gxf6 5. dxc5 e6 6. Nf3 Bxc5 7. Be2 O-O 8. O-O f5 9. Nbd2 Qf6 10. c4 dxc4 11. Nxc4 Rd8 12. Qc2 Nc6 13. a3 Bd7 14. b4 Bf8 15. Rad1 Be8 16. b5 Ne7 17. Nd4 Nd5 18. Bf3 Rac8 19. Qb3 f4 20. e4 Nb6 21. e5 Qg5 22. Nxb6 axb6 23. Bxb7 Rb8 24. Nf3 Qe7 25. Bc6 Qxa3 26. Qxa3 Bxa3 27. Bxe8 Rxd1 28. Bxf7+ Kxf7 29. Rxd1 Ke7 30. g4 Bc5 31. Ra1 Rb7 32. h4 Rd7 33. g5 Kf8 34. Kg2 Rd3 35. h5 Rb3 36. Ra8+ Kg7 37. Ra7+ Kg8 38. g6 hxg6 39.
h6 Rb2 40. Ng5 Rxf2+ 41. Kh3 Rf1 42. h7+ 1-0

[Event "Early-Titled-Tuesday-Blitz-October-03-2023"]
[Site "Chess.com"]
[Date "2023.10.03"]
[Round "6"]
[White "kingapolak"]
[Black "vladoboch"]
[Result "1-0"]
[WhiteElo "1767"]
[BlackElo "2399"]
[TimeControl "180+1"]
[EndTime "9:07:10 PDT"]
[Termination "kingapolak won by resignation"]

1. e4 c5 2. Nf3 Nc6 3. Nc3 g6 4. d4 cxd4 5. Nxd4 Bg7 6. Be3 Nf6 7. Bc4 O-O 8. Bb3 a6 9. O-O d6 10. h3 Bd7 11. Qd2 b5 12. a3 Rc8 13. Rad1 Ne5 14. Bh6 Nc4 15. Bxc4 Rxc4 16. Bxg7 Kxg7 17.
Qe3 Qc7 18. f4 Qc5 19. Rfe1 e5 20. fxe5 dxe5 21. Nf3 Qe7 22. Rd2 Rfc8 23. Qg5 R4c5 24. Kh2 h6 25. Qe3 a5 26. Ree2 h5 27. Nd5 Nxd5 28.
exd5 f6 29. c3 Qd6 30. Qe4 Rc4 31. Qe3 e4+ 32. g3 Re8 33. Nh4 Re5 34. Ng2 g5 35. h4 Rxd5 36. Rxd5 Qxd5 37. Rd2 Qe6 38. Qa7 Qh3+ 39.
Kg1 gxh4 40. Rxd7+ Kg6 41. Rg7+ Kh6 42. Rh7+ Kg5 43.
Qg7+ Kf5 44. Rxh5+ Ke6 45. Nf4+ Kd6 46. Nxh3 1-0

[Event "Early-Titled-Tuesday-Blitz-October-03-2023"]
[Site "Chess.com"]
[Date "2023.10.03"]
[Round "6"]
[White "milovichalex"]
[Black "Biregina"]
[Result "0-1"]
[WhiteElo "2307"]
[BlackElo "2468"]
[TimeControl "180+1"]
[EndTime "9:07:13 PDT"]
[Termination "Biregina won on time"]

1. e4 c5 2. Nf3 e6 3. d4 cxd4 4.
Nxd4 Nf6 5. Nc3 Bb4 6. Bd3 Nc6 7. Nxc6 bxc6 8. O-O O-O 9. Bg5 h6 10. Bh4 Be7 11.
e5 Nd5 12. Bxe7 Qxe7 13. Ne4 f5 14. Nd6 Qg5 15. g3 f4 16. c4 Nb4 17. Re1 f3 18. Bf1 c5 19. a3 Nc6 20. Nxc8 Raxc8 21. Qxd7 Nd4 22. Re4 Qf5 23. Rae1 Ne2+ 24. R4xe2 fxe2 25. Rxe2 Rcd8 26. Qa4 Rd4 27. Qxa7 Re4 28. Qxc5 Rxe2 29. Bxe2 Qb1+ 30. Kg2 Qxb2 31. Bg4 Qb7+ 32. Kh3 Qf7 33. Qd6 Qxf2 34. Bxe6+ Kh8 35. Bd5 Qf1+ 36. Kh4 Qf5 37. Qe6 Qxe6 38. Bxe6 Re8 0-1

[Event "Early-Titled-Tuesday-Blitz-October-03-2023"]
[Site "Chess.com"]
[Date "2023.10.03"]
[Round "6"]
[White "ChessicallyInclined"]
[Black "djano"]
[Result "0-1"]
[WhiteElo "2789"]
[BlackElo "2678"]
[TimeControl "180+1"]
[EndTime "9:07:14 PDT"]
[Termination "djano won by resignation"]

1. e4 c5 2. Nf3 Nc6 3. Bb5 e5 4. O-O Nge7 5. Re1 g6 6. d3 Bg7 7. Nbd2 O-O 8. a4 d6 9. h3 h6 10.
c3 f5 11. Bc4+ Kh7 12. exf5 Nxf5 13. Nf1 Nh4 14. Nxh4 Qxh4 15. Be3 Bd7 16. a5 Rad8 17. Qb3 Bc8 18. Bd5 a6 19. Ra4 Qe7 20. Nh2 Bf6 21. Nf3 Qg7 22. h4 Ne7 23. Bxb7 Bd7 24. Bxa6 Rb8 25. Qa3 Bxa4 26. Qxa4 Rxb2 27. Bc1 Rb1 28. Qg4 Ra1 29. Qe6 Rxa5 30. Qxd6 Nf5 31. Qb6 Bd8 32. Qc6 Rf6 33. Qc8 Rf8 34. Bc4 Bxh4 35. Qe6 Bf6 36. Nxe5 Bxe5 37. Rxe5 Ra1 38. Re1 Qxc3 39. Rf1 Rxc1 40.
Qd7+ Kh8 41. Qe6 Rxf1+ 42. Kxf1 Qf6 43. Qd5 Ne3+ 0-1

[Event "Early-Titled-Tuesday-Blitz-October-03-2023"]
[Site "Chess.com"]
[Date "2023.10.03"]
[Round "6"]
[White "Kostya0705"]
[Black "Good_Knight_Kiss"]
[Result "0-1"]
[WhiteElo "2602"]
[BlackElo "2419"]
[TimeControl "180+1"]
[EndTime "9:07:14 PDT"]
[Termination "Good_Knight_Kiss won by checkmate"]

1. e4 c5 2. Nf3 d6 3. d4 cxd4 4.
Nxd4 Nf6 5. Nc3 a6 6. h4 e5 7.
Nb3 Be6 8. f4 exf4 9. Bxf4 Nc6 10. Qd2 Be7 11. O-O-O Ne5 12. Be2 O-O 13. Qe3 Qc7 14. Nd5 Bxd5 15. exd5 Rac8 16. Rd2 Rfe8 17. Kb1 Nc4 18. Bxc4 Qxc4 19. Qf3 Ne4 20. Re2 f5 21. g4 Qxd5 22. Qg2 Bf6 23. Rhe1 Nc3+ 24. bxc3 Qxg2 25. Rxg2 Rxe1+ 26. Bc1 fxg4 27. Rxg4 Bxc3 28. Rg3 d5 29. Rd3 d4 30. Nxd4 Bxd4 31. Rxd4 b5 32. Kb2 Rc4 33. Rd7 Rxh4 34. Bd2 Rd1 35. Rd8+ Kf7 36.
Kc3 Rh2 37. Kb4 Rhxd2 38. Rb8 Rd6 39. Ka5 R1d2 40. Rb7+ Kf6 41. Rb8 Rxc2 42. Rf8+ Ke7 43. Rf3 Rc5 44. Kb4 Rc4+ 45. Ka5 Ra4# 0-1

[Event "Early-Titled-Tuesday-Blitz-October-03-2023"]
[Site "Chess.com"]
[Date "2023.10.03"]
[Round "6"]
[White "DefiantChair"]
[Black "chito89"]
[Result "1-0"]
[WhiteElo "2560"]
[BlackElo "2797"]
[TimeControl "180+1"]
[EndTime "9:07:15 PDT"]
[Termination "DefiantChair won on time"]

1. e4 d6 2. d4 Nf6 3. Nc3 Nbd7 4. Nf3 e5 5. Bc4 Be7 6. O-O O-O 7. h3 a6 8. a4 b6 9. Ba2 Bb7 10. Re1 c6 11. Qd3 b5 12. d5 Nc5 13. Qd1 cxd5 14. Bxd5 Nxd5 15. Nxd5 Nxa4 16. c4 Nb6 17. Nxe7+ Qxe7 18. cxb5 axb5 19. Rxa8 Rxa8 20. Qb3 Bc6 21. Qc3 Qb7 22.
Qd3 Rd8 23. Bg5 Rd7 24. Nd2 d5 25. exd5 Rxd5 26. Qb3 h6 27. Be3 Nd7 28. Ne4 Qa6 29. Nc3 Rd3 30. Qb4 Qb7 31. f3 Nf6 32. Bf2 Nd5 33.
Qe4 Nf4 34. Qxe5 g5 35. Bg3 Ng6 36. Qf6 Qd7 37. Bf2 Qd8 38. Qxc6 Nf4 39. Re8+ 1-0

[Event "Early-Titled-Tuesday-Blitz-October-03-2023"]
[Site "Chess.com"]
[Date "2023.10.03"]
[Round "6"]
[White "Grossboss19"]
[Black "Leonid_Starozhilov"]
[Result "1-0"]
[WhiteElo "2538"]
[BlackElo "2735"]
[TimeControl "180+1"]
[EndTime "9:07:17 PDT"]
[Termination "Grossboss19 won by resignation"]

1. c4 Nf6 2. Nc3 g6 3. g3 Bg7 4. Bg2 O-O 5. Nf3 d6 6. d4 c6 7. O-O Bf5 8. Nh4 Be6 9. b3 d5 10. cxd5 Nxd5 11. Bb2 c5 12. Na4 cxd4 13. Bxd4 Bxd4 14.
Qxd4 Nc6 15. Qd2 Nf6 16. Qxd8 Rfxd8 17. Nc5 Nd4 18. Nxb7 Nxe2+ 19. Kh1 Rd2 20. Nc5 Bd5 21.
Rfd1 Bxg2+ 22. Nxg2 Rad8 23. Ne3 Nc3 24. Rxd2 Rxd2 25.
Kg1 Nxa2 26. Nc4 Rc2 27. Nd3 Ne4 28. Re1 Nac3 29. f3 Ng5 30. Rf1 Nh3+ 31. Kh1 e6 32. Ne3 Rb2 33. b4 Ne2 34. Nxb2 Nd4 35. Kg2 Ng5 36.
f4 Ne4 37. Rd1 f5 38. Rxd4 Nc3 39. Rd3 Nb5 40. Rd8+ Kf7 41. h4 Kf6 42. Rd7 h6 43.
Rb7 Nd4 44. Rxa7 Nc6 45. Rb7 e5 46. b5 Nd4 47. Rb6+ 1-0

[Event "Early-Titled-Tuesday-Blitz-October-03-2023"]
[Site "Chess.com"]
[Date "2023.10.03"]
[Round "6"]
[White "Djager97"]
[Black "remi04"]
[Result "0-1"]
[WhiteElo "2587"]
[BlackElo "2858"]
[TimeControl "180+1"]
[EndTime "9:07:17 PDT"]
[Termination "remi04 won on time"]

1. e4 c5 2. Nf3 d6 3. d4 cxd4 4. Nxd4 Nf6 5. Nc3 a6 6. Bg5 e6 7. Qe2 h6 8. Bh4 Be7 9. O-O-O Nbd7 10. f4 Qc7 11. g4 g5 12. fxg5 Nh7 13. Kb1 hxg5 14.
Bg3 Nhf8 15. Bg2 Ng6 16. Rhf1 Nde5 17. Nf5 Bf8 18. Qe3 Nf4 19. Bxf4 gxf4 20. Qxf4 Bd7 21. Nd4 O-O-O 22. g5 Bg7 23. h4 Qb6 24. Nb3 a5 25. a4 Be8 26. Rh1 Ng6 27. Qg3 Be5 28.
Qe1 Nf4 29. Bf3 Kb8 30. Nb5 Bxb5 31. axb5 a4 32. Qa5 Qe3 33. b6 axb3 34. Qa7+ Kc8 35. Qa8+ Kd7 36. Qxb7+ Ke8 37. g6 bxc2+ 38. Kxc2 Nxg6 39.
h5 Nf4 40. Bg4 Qc5+ 41. Kb1 Qb4 0-1

[Event "Early-Titled-Tuesday-Blitz-October-03-2023"]
[Site "Chess.com"]
[Date "2023.10.03"]
[Round "6"]
[White "demondom"]
[Black "Ariadna_Atreides"]
[Result "0-1"]
[WhiteElo "2092"]
[BlackElo "2202"]
[TimeControl "180+1"]
[EndTime "9:07:19 PDT"]
[Termination "Ariadna_Atreides won on time"]

1. d4 Nf6 2. c4 e6 3. Nf3 Bb4+ 4. Nbd2 d6 5. e3 O-O 6. Bd3 Qe7 7. a3 Bxd2+ 8. Bxd2 e5 9. dxe5 dxe5 10. Be2 Rd8 11. Qc2 Nc6 12. Bc3 Bg4 13. O-O h5 14. Rad1 e4 15.
Nd4 Nxd4 16. Bxd4 c5 17. Bxf6 Qxf6 18. Bxg4 hxg4 19. Qxe4 Qxb2 20. Rb1 Qxa3 21. Rxb7 Qa6 22. Rc7 Qd6 23. Rc6 Qd7 24. Rxc5 g6 25. Rd5 Qe6 26.
Qxe6 fxe6 27. Rxd8+ Rxd8 28. Ra1 Rc8 29. Ra4 Rc7 30.
Kf1 Kf7 31. Ke2 Kf6 32. Kd3 Ke5 33. Ra5+ Kf6 34. c5 Ke5 35. Kc4 Rh7 36. f4+ gxf3 37.
gxf3 Rxh2 38. Rxa7 g5 39. Rd7 Re2 40. f4+ gxf4 41. exf4+ Kxf4 42. c6 Rc2+ 43. Kb5 e5 44. c7 e4 45. Kb6 e3 46. Rd6 e2 47. Re6 Kf3 0-1

[Event "Early-Titled-Tuesday-Blitz-October-03-2023"]
[Site "Chess.com"]
[Date "2023.10.03"]
[Round "6"]
[White "HrvojeZagreb"]
[Black "zajka-molotok"]
[Result "1/2-1/2"]
[WhiteElo "2322"]
[BlackElo "2556"]
[TimeControl "180+1"]
[EndTime "9:07:21 PDT"]
[Termination "Game drawn by repetition"]

1. f4 c5 2. b3 Nc6 3. Bb2 d5 4. Nf3 Bg4 5. e3 e6 6. Bb5 Ne7 7. O-O a6 8. Bxc6+ Nxc6 9. d3 d4 10.
e4 e5 11. fxe5 Nxe5 12. Nbd2 Bd6 13. Qe1 O-O 14. Nxe5 Bxe5 15. Nf3 Bf4 16. Bc1 Bc7 17. Qh4 Qxh4 18. Nxh4 b5 19. Nf5 Rfe8 20. Bf4 Bxf4 21. Rxf4 Bxf5 22. Rxf5 Rac8 23. a4 c4 24. axb5 axb5 25.
Rxb5 cxd3 26. cxd3 Rc3 27. Rd1 Rd8 28. Kf2 f6 29. Kf3 Rc2 30. h4 Ra8 31. e5 fxe5 32.
Rxe5 Raa2 33. Rf1 Rxg2 34. Ke4 Rae2+ 35. Kxd4 Rg4+ 36. Kd5 Rxe5+ 37. Kxe5 Rxh4 38. d4 Rh3 39. d5 Rxb3 40. d6 Re3+ 41. Kd4 Re2 42. Rd1 Kf7 43. Kc5 Ke8 44. Ra1 Rc2+ 45. Kd5 Rd2+ 46. Ke6 Re2+ 47.
Kd5 h5 48. Ra8+ Kd7 49. Ra7+ Kd8 50. Rxg7 Rd2+ 51. Ke6 Re2+ 52. Kd5 Rd2+ 53. Kc6 Rc2+ 54. Kd5 Rd2+ 1/2-1/2

[Event "Early-Titled-Tuesday-Blitz-October-03-2023"]
[Site "Chess.com"]
[Date "2023.10.03"]
[Round "6"]
[White "Actuary44"]
[Black "sonicdravise"]
[Result "0-1"]
[WhiteElo "2514"]
[BlackElo "2669"]
[TimeControl "180+1"]
[EndTime "9:07:23 PDT"]
[Termination "sonicdravise won on time"]

1. e4 c5 2. d4 cxd4 3. c3 Nf6 4.
Bd3 dxc3 5. Nxc3 Nc6 6. f4 d6 7. Nf3 e6 8. O-O Be7 9. Kh1 O-O 10. Qe1 d5 11. e5 Nd7 12. Be3 Nc5 13. Bxc5 Bxc5 14.
Bxh7+ Kxh7 15. Ng5+ Kg8 16. Qh4 Re8 17. Qh7+ Kf8 18.
Qh8+ Ke7 19. Qxg7 Rf8 20. f5 exf5 21. Rad1 d4 22. Ne2 Ke8 23. Nf4 Be7 24. Nh7 Be6 25. h4 Kd7 26. Nxf8+ Qxf8 27. Qxf8 Rxf8 28. h5 Bg5 29.
Ne2 Rh8 30. g4 fxg4 31. Nxd4 Rxh5+ 32. Kg2 Nxd4 33. Rxd4+ Ke7 34. a4 Be3 35. Rb4 b6 36. a5 Rxe5 37. axb6 Bxb6 38. Rc1 Re2+ 39. Kg3 Kf6 40.
Kh4 Bf2+ 41. Kh5 Re5+ 42. Kh6 Be3+ 43. Kh7 Bxc1 0-1

[Event "Early-Titled-Tuesday-Blitz-October-03-2023"]
[Site "Chess.com"]
[Date "2023.10.03"]
[Round "6"]
[White "hurricane7791"]
[Black "Zhigalko_Sergei"]
[Result "0-1"]
[WhiteElo "2707"]
[BlackElo "2938"]
[TimeControl "180+1"]
[EndTime "9:07:24 PDT"]
[Termination "Zhigalko_Sergei won by resignation"]

1. d4 Nf6 2. c4 e6 3. Nf3 b6 4.
a3 Ba6 5. Qc2 Bb7 6. Nc3 c5 7.
d5 exd5 8. cxd5 Nxd5 9. Nxd5 Bxd5 10. e4 Be6 11. Bf4 Nc6 12. Rd1 Be7 13. Ba6 Na5 14. Qc3 O-O 15. O-O Bf6 16. e5 Be7 17. b4 cxb4 18. axb4 Nc6 19. Bb7 Nxb4 20. Bxa8 Qxa8 21. Bg5 Rc8 22. Qd2 Bc5 23. Be3 Bf8 24. Nd4 Nd5 25. h3 a5 26. f4 Nc3 27. Rc1 Bb4 28. f5 Bc4 29. Qf2 Bxf1 30. Rxf1 Qe4 31. f6 Nd5 32. Bc1 Bc5 33. Bb2 g6 34. Kh1 Ne3 35. Re1 Bxd4 36.
Bxd4 Qxd4 37. Rxe3 h5 38. Qg3 Rc1+ 39. Kh2 Rc4 40. e6 dxe6 41. Rf3 Qd8 42. Qg5 Rc5 43. Qh6 Qf8 44. Qe3 Rd5 45. h4 Qd6+ 46. Rg3 Rd4 47.
Qg5 Rg4 0-1